 Dungeon Crawl Stone Soup version 0.25-a0-869-g05d4e06a41 (webtiles) character file.

Game seed: 617771270794070657, levelgen mode: deterministic

2539 Maedhros the Cruncher (level 9, -7/48 HPs)
             Began as an Octopode Chaos Knight on May 1, 2020.
             Was a Plaything of Xom.
             Mangled by a hippogriff (10 damage)
             ... on level 7 of the Dungeon.
             The game lasted 00:14:13 (13749 turns).

Maedhros the Cruncher (Octopode Chaos Knight)      Turns: 13749, Time: 00:14:15

Health: -7/48      AC:  3    Str: 15    XL:     9   Next: 55%
Magic:  9/9        EV: 15    Int: 14    God:    Xom [......]
Gold:   4384       SH:  0    Dex: 12    Spells: 5/8 levels left

rFire    . . .     SeeInvis +   p - +3 quarterstaff (chaos)
rCold    . . .     Gourm    .   (shield currently unavailable)
rNeg     . . .     Faith    .   y - +0 hat {SInv}
rPois    .         Spirit   .   (no amulet)
rElec    .         Reflect  .   i - ring of flight
rCorr    .         Harm     .   g - +3 ring of strength
MR       .....     Clarity  +   w - ring of wizardry
Stlth    ++........             (no ring)
HPRegen  0.16/turn              (no ring)
MPRegen  0.11/turn              (no ring)
                                (no ring)
                                (no ring)

@: no status effects
A: almost no armour, stealthy swim, amphibious, 8 rings, constrict 8, tentacle
spike 1, icy blue scales 1, camouflage 1, blurry vision 1, clarity, clumsy 1,
frail 2, gelatinous body 1, MP-powered wands
a: Renounce Religion, Evoke Flight


You were on level 7 of the Dungeon.
You worshipped Xom.
You were a very special plaything of Xom.
You were not hungry.

You visited 1 branch of the dungeon, and saw 8 of its levels.

You collected 4519 gold pieces.
You spent 135 gold pieces at shops.

Inventory:

Hand Weapons
 a - a +0 spear of chaos
 p - a +3 quarterstaff of chaos (weapon)
Armour
 y - a +0 hat of see invisible (worn)
Jewellery
 g - a +3 ring of strength (right tentacle)
 i - a ring of flight (left tentacle)
 w - a ring of wizardry (on tentacle)
 z - an uncursed ring of wizardry
Wands
 x - a wand of scattershot (3)
Scrolls
 c - a scroll of fog {unknown}
 d - 2 scrolls of blinking
 e - a scroll of immolation {unknown}
 f - a scroll of magic mapping {unknown}
 h - a scroll of noise {unknown}
 j - a scroll of teleportation
 k - 2 scrolls of enchant armour {unknown}
 n - 3 scrolls of identify
 o - 3 scrolls of amnesia {unknown}
 q - 7 scrolls of remove curse
 u - a scroll of enchant weapon {unknown}
Potions
 l - 3 potions of brilliance
 m - a potion of mutation
 r - 2 potions of curing
 s - 2 potions of heal wounds
 v - a potion of ambrosia
Comestibles
 b - 9 rations


   Skills:
 + Level 5.3 Fighting
 - Level 6.7(8.5) Polearms
 * Level 8.0(9.1) Staves
 + Level 4.9 Dodging
 + Level 4.1 Hexes


You had 5 spell levels left.
You knew the following spells:

 Your Spells              Type           Power        Failure   Level  Hunger
a - Tukima's Dance        Hex            ##......     6%          3    ####...

Your spell library contained the following spells:

 Spells                   Type           Power        Failure   Level  Hunger
 Corona                   Hex            ##.....      2%          1    ##.....
 Confusing Touch          Hex            ##......     6%          3    ####...
 Ensorcelled Hibernation  Hex/Ice        #.....       8%          2    ###....
 Animate Skeleton         Necr           N/A          12%         1    ##.....
 Pain                     Necr           #...         12%         1    ##.....
 Dazzling Flash           Conj/Hex       #.....       16%         3    ####...
 Vampiric Draining        Necr           #.........   32%         3    ####...
 Animate Dead             Necr           N/A          71%         4    #####..
 Agony                    Necr           #.......     95%         5    ######.


Dungeon Overview and Level Annotations

Branches:
Dungeon (8/15)
 Temple: D:4-7         Lair: D:8-11

Altars:
Cheibriados
Elyvilon
Fedhas
Nemelex Xobeh
Okawaru
Qazlal
Ru
Sif Muna
Xom
Yredelemnul
Zin
The Shining One

Shops:
D:6 *

Annotations:
D:8 Harold


Innate Abilities, Weirdness & Mutations

You cannot wear most types of armour.
You are very stealthy in the water. (Stealth+)
You are amphibious.
You can wear up to eight rings at the same time.
You can use your tentacles to constrict eight enemies at once.
Your skin changes colour to match your surroundings (Stealth+).
Your rubbery body absorbs attacks. (AC +1, EV +1)
One of your tentacles bears a spike.
You are partially covered in icy blue scales. (AC +2)
Scrolls take you a little longer to read.
You possess an exceptional clarity of mind.
You are clumsy. (Dex -2)
You are very frail. (-20% HP)
You expend magic power (3 MP) to strengthen your wands.


Message History

The hippogriff bites you but does no damage.
The hippogriff pecks you but does no damage.
The hippogriff closely misses you.
You closely miss the hippogriff.
The hippogriff is moderately wounded.
The hippogriff completely misses you. The hippogriff barely misses you.
The hippogriff claws you.
You thump the hippogriff!
The hippogriff goes berserk!
Your tentacle spike misses the hippogriff.
The hippogriff is heavily wounded.
Xom's power touches on you for a moment.
Your body is wracked with pain!
* * * LOW HITPOINT WARNING * * *
The hippogriff bites you.
* * * LOW HITPOINT WARNING * * *
The hippogriff pecks you!
* * * LOW HITPOINT WARNING * * *
The hippogriff claws you!
You die...
Xom thinks this is hilarious!

#.################.......<...
#.# #..######### #.# #..# #.#
##..## #.# #....# #.# #....#
#.# #.)..# #.#
############..## #.#
#.....@H......## #.#
#.###..........# #.# #.#
#..........# #.#
#.###..........# ### #.#
#[........#'#'## #..
#.###############.#.#######.#
#.....[............>.........
#################.#.#######.#
#.#.# #.#


You could see a hippogriff (berserk).

Vanquished Creatures
  A water moccasin (D:8)
  3 sky beasts
  An ice beast (D:7)
  A phantom (D:5)
  2 ogres (D:4)
  4 centaurs
  A big kobold (D:7)
  A bullfrog (D:7)
  2 scorpions
  A killer bee (D:8)
  A bullfrog zombie (D:4)
  3 hounds
  2 jellies
  2 crimson imps
  7 orc priests
  Crazy Yiuf (D:2)
  3 orc wizards
  A centaur skeleton (D:6)
  A gnoll shaman (D:7)
  Jessica (D:2)
  3 worker ants
  A killer bee zombie (D:8)
  10 gnolls
  11 adders
  A shadow imp (D:7)
  2 oozes
  A worm (D:2)
  A dart slug (D:1)
  4 leopard geckos
  24 orcs
  4 giant cockroaches
  7 goblins
  5 hobgoblins
  3 jackals (D:4)
  18 kobolds
  A quokka (D:3)
  3 ball pythons (D:2)
  7 bats
  4 frilled lizards
  A jackal zombie (D:5)
  A leopard gecko zombie (D:6)
  A quokka zombie (D:8)
  13 rats
165 creatures vanquished.

Vanquished Creatures (collateral kills)
  A hound (D:4)
  An orc (D:4)
2 creatures vanquished.

Vanquished Creatures (others)
  Sigmund (D:5)
  A centaur skeleton (D:6)
  A worker ant (D:5)
  An orc (D:4)
4 creatures vanquished.

Grand Total: 171 creatures vanquished

Notes
Turn   | Place    | Note
-------+----------+-------------------------------------------
     0 | D:1      | Maedhros the Octopode Chaos Knight began the quest for the
                  | Orb.
     0 | D:1      | Reached XP level 1. HP: 16/16 MP: 1/1
   121 | D:1      | XOM: silly message
   136 | D:1      | XOM: silly message
   374 | D:1      | XOM: silly message
   400 | D:1      | Reached XP level 2. HP: 20/21 MP: 2/2
   883 | D:1      | Reached XP level 3. HP: 26/26 MP: 3/3
   937 | D:1      | XOM: noise
  1077 | D:1      | XOM: god gift: inky potion {god gift}
  1386 | D:2      | Found a white marble altar of Elyvilon.
  1414 | D:2      | XOM: silly message
  1528 | D:2      | Found a sacrificial altar of Ru.
  1975 | D:1      | XOM is BORED!
  1991 | D:1      | XOM: silly message
  2587 | D:2      | XOM: silly message
  2914 | D:1      | XOM: divination: detect items
  2984 | D:1      | XOM: silly message
  3023 | D:1      | XOM: god gift: scroll labeled OZOTTUNUEPS {god gift}
  3320 | D:2      | Reached XP level 4. HP: 18/31 MP: 4/4
  3340 | D:2      | Noticed Jessica
  3348 | D:2      | Killed Jessica
  3348 | D:2      | Reached skill level 5 in Polearms
  3411 | D:2      | XOM: give mutation
  3411 | D:2      | Gained mutation: You passively map a small area around you.
                  | [Xom's mischief]
  3857 | D:1      | XOM: torment (17/31 hp)
  4510 | D:2      | XOM: silly message
  5440 | D:2      | XOM: noise
  5585 | D:2      | Reached XP level 5. HP: 36/36 MP: 5/5
  6096 | D:3      | XOM: butterfly on damage
  6291 | D:3      | XOM: butterfly on damage
  6301 | D:3      | Reached XP level 6. HP: 17/42 MP: 6/6
  6303 | D:3      | XOM: smoke on damage
  6594 | D:2      | Found a runed translucent door.
  6595 | D:2      | Noticed Crazy Yiuf
  6604 | D:2      | Killed Crazy Yiuf
  7156 | D:2      | XOM: stat loss: -1 Dex (12/13)
  7330 | D:3      | Reached skill level 1 in Staves
  7347 | D:3      | XOM: noise
  7612 | D:2      | XOM: silly message
  8496 | D:4      | XOM: butterfly on damage
  8501 | D:4      | XOM: scenery: create altars
  8503 | D:4      | XOM: 1-stop teleportation journey
  8605 | D:4      | XOM: summons 4 hostile demons
  8917 | D:4      | XOM: chaos upgrade
  8931 | D:4      | XOM: scenery: create altars
  8937 | D:4      | Lost mutation: You passively map a small area around you.
                  | [potion of mutation]
  8937 | D:4      | Gained mutation: You possess an exceptional clarity of
                  | mind. [potion of mutation]
  8937 | D:4      | Gained mutation: Your muscles are strong. (Str +2) [potion
                  | of mutation]
  8945 | D:4      | XOM: summons friendly iron imp
  8952 | D:4      | Reached skill level 2 in Staves
  8956 | D:4      | XOM: give mutations
  8956 | D:4      | Gained mutation: You are partially covered in icy blue
                  | scales. (AC +2) [Xom's mischief]
  8956 | D:4      | Lost mutation: Your muscles are strong. (Str +2) [Xom's
                  | mischief]
  8956 | D:4      | Gained mutation: Scrolls take you a little longer to read.
                  | [Xom's mischief]
  8956 | D:4      | Gained mutation: You are frail. (-10% HP) [Xom's mischief]
  9027 | D:4      | XOM: give mutation
  9027 | D:4      | Gained mutation: You expend magic power (3 MP) to
                  | strengthen your wands. [Xom's mischief]
  9265 | D:4      | XOM: give mutation
  9265 | D:4      | Gained mutation: Your muscles are strong. (Str +2) [Xom's
                  | grace]
  9267 | D:4      | Reached skill level 3 in Staves
  9293 | D:4      | Reached XP level 7. HP: 41/41 MP: 7/7
  9295 | D:4      | Reached skill level 4 in Staves
  9467 | D:4      | Learned a level 3 spell: Tukima's Dance
  9484 | D:4      | Reached skill level 5 in Staves
  9606 | D:4      | XOM: noise
  9646 | D:4      | XOM: give mutations
  9646 | D:4      | Lost mutation: Your muscles are strong. (Str +2) [Xom's
                  | mischief]
  9646 | D:4      | Gained mutation: You are dopey. (Int -2) [Xom's mischief]
  9648 | D:4      | Found a stormy altar of Qazlal.
  9877 | D:5      | Entered Level 5 of the Dungeon
  9877 | D:5      | Noticed Sigmund
  9883 | D:5      | Killed Sigmund
  9883 | D:5      | Reached skill level 1 in Hexes
  9883 | D:5      | XOM: divine lightning
 10106 | D:5      | Reached XP level 8. HP: 46/46 MP: 8/8
 10153 | D:5      | Found a basalt altar of Yredelemnul.
 10163 | D:5      | Found a glowing golden altar of the Shining One.
 10301 | D:5      | You fall into a shaft and drop 1 floor!
 10309 | D:6      | XOM: summons 4 hostile shadow creatures
 10508 | D:6      | You fall into a shaft and drop 2 floors!
 10515 | D:8      | Reached skill level 6 in Staves
 10564 | D:8      | XOM: silly message
 10565 | D:8      | Found a shimmering blue altar of Sif Muna.
 10764 | D:8      | XOM: smoke on damage
 10933 | D:8      | Noticed Harold
 10957 | D:8      | Noticed a hippogriff
 10981 | D:8      | XOM: silly message
 11040 | D:8      | XOM: 1-stop teleportation journey
 11050 | D:8      | XOM: swap monsters
 11136 | D:7      | XOM: 1-stop teleportation journey
 11173 | D:7      | Found a blossoming altar of Fedhas.
 11188 | D:7      | Reached skill level 7 in Staves
 11188 | D:7      | Reached XP level 9. HP: 27/53 MP: 9/9
 11302 | D:7      | XOM: 5-stop teleportation journey
 11426 | D:7      | XOM: give mutations
 11426 | D:7      | Gained mutation: You are very frail. (-20% HP) [Xom's
                  | mischief]
 11426 | D:7      | Gained mutation: You are clumsy. (Dex -2) [Xom's mischief]
 11426 | D:7      | Lost mutation: You are dopey. (Int -2) [Xom's mischief]
 11443 | D:7      | XOM: chaos upgrade
 11505 | D:7      | XOM: silly message
 11510 | D:7      | XOM: confuse monster(s)
 12023 | D:6      | Found a sparkling altar of Nemelex Xobeh.
 12149 | D:6      | Found Suiz's Assorted Antiques.
 12159 | D:6      | Bought an onyx ring for 135 gold pieces
 12373 | D:6      | Reached skill level 5 in Fighting
 12471 | D:6      | XOM: give mutation
 12471 | D:6      | Gained mutation: One of your tentacles bears a spike.
                  | [Xom's grace]
 12556 | D:6      | Found an iron altar of Okawaru.
 12827 | D:5      | Found a glowing silver altar of Zin.
 12827 | D:5      | XOM: 5-stop teleportation journey
 12971 | D:5      | Found a snail-covered altar of Cheibriados.
 13015 | D:5      | XOM: god gift: 15 gold pieces
 13101 | D:5      | Noticed an angel
 13182 | D:6      | XOM: scenery: 1 doors close
 13345 | D:6      | XOM: god gift: glowing hat {god gift}
 13486 | D:6      | XOM: noise
 13579 | D:7      | Identified a scroll of acquirement
 13624 | D:7      | Reached skill level 8 in Staves
 13749 | D:7      | XOM: torment (11/48 hp)
 13749 | D:7      | Mangled by a hippogriff

Levels and vault maps discovered:
D:1:      beargit_arrival_greenhouse, layout_loops_corners
D:2:      layout_basic, lemuel_round_altar, nicolae_ru_great_annihilating_truth,
          first_ration, uniq_crazy_yiuf_cottage, uniq_jessica
D:3:      layout_basic
D:4:      layout_basic, nicolae_qazlal_eye_of_the_storm
D:5:      layout_rooms, grunt_temple_overflow_holy_war, kennysheep_little_box,
          lemuel_round_altar, serial_park_tiny_pond, uniq_sigmund
D:6:      layout_loops_corners, nemelex_xobeh_ov_fountains_minmay,
          okawaru_metal_pillars_1_2, serial_shops, shop
D:7:      layout_basic, nicolae_overflow_crystal_walls,
          gammafunk_temple_overflow_statue, minmay_temple_entry_enclosed_plants,
          the_bakery
D:8:      layout_rooms, led_sif_pool, basic_altar, uniq_harold

Skill      XL: |  1  2  3  4  5  6  7  8  9 |
---------------+----------------------------+-----
Polearms       | 4 5 6 |  6.7
Staves         | 3 5 7 8 |  8.0
Hexes          | 1 3 4 |  4.1
Dodging        | 4 |  4.9
Fighting       | 4 5 |  5.3

Action                   |  1- 3 |  4- 6 |  7- 9 || total
-------------------------+-------+-------+-------++-------
Melee: Spear             |    79 |   138 |       ||   217
       Constrict         |    16 |    28 |    32 ||    76
       Tentacles         |    11 |    17 |    43 ||    71
       Quarterstaff      |       |    53 |   204 ||   257
       Kick              |       |       |    14 ||    14
Evoke: Wand              |       |     2 |       ||     2
  Use: Potion            |     1 |     8 |     2 ||    11
       Scroll            |       |       |     7 ||     7
 Stab: Paralysed         |     3 |       |     1 ||     4
       Sleeping          |     1 |     3 |    12 ||    16
       Invisible         |     1 |       |       ||     1
       Petrified         |       |     1 |       ||     1
       Distracted        |       |     1 |       ||     1
       Petrifying        |       |       |     1 ||     1
  Eat: Chunk             |     6 |    13 |    10 ||    29
       Ration            |       |     2 |     1 ||     3
Armor: Skin              |     2 |    39 |    20 ||    61
Dodge: Dodged            |    30 |    59 |   127 ||   216

Table legend:
 A = Non-vault XP
 B = Vault XP
 C = Vault XP percentage of total XP
 D = Non-vault monster count
 E = Vault monster count
 F = Vault count percentage of total count
                 A         B        C        D         E       F
            +---------+---------+-------+---------+---------+-------
      Total |    3404 |     224 |   6.2 |     163 |       7 |   4.1
            +---------+---------+-------+---------+---------+-------
        D:1 |      36 |       0 |   0.0 |      18 |       0 |   0.0
        D:2 |     145 |      96 |  39.8 |      30 |       6 |  16.7
        D:3 |     148 |       0 |   0.0 |      20 |       0 |   0.0
        D:4 |     582 |       0 |   0.0 |      25 |       0 |   0.0
        D:5 |     495 |     128 |  20.5 |      10 |       1 |   9.1
        D:6 |     540 |       0 |   0.0 |      11 |       0 |   0.0
        D:7 |     925 |       0 |   0.0 |      29 |       0 |   0.0
        D:8 |     533 |       0 |   0.0 |      20 |       0 |   0.0
            +---------+---------+-------+---------+---------+-------
